Map: Sludge City

Players

Prion

  • Race: Zerg Zerg
  • League: Platinum
  • Spawn Location: 9:00

Gforce

  • Race: Terran Terran
  • Spawn Location: 11:00

Manta

  • Race: Zerg Zerg
  • League: Silver
  • Spawn Location: 5:00

Dallinger

  • Race: Terran Terran
  • League: Diamond
  • Spawn Location: 5:00

VOD

Have the link to the VOD?

Description

Time

  • Played on: Feb. 19, 2016, 11:15 p.m.
  • Length: 6:18
Show
View Real Time Build Order
Export as new Build Order

Prion Zerg 

Build Orders: Pool First 

Get SALT Encoding   

  12  0:01  Drone  
  13  0:08  Drone  
  14  0:20  Extractor  
  13  0:21  Drone, Extractor  
  13  0:22  Drone  
  16  0:35  Spawning Pool  
  16  0:42  Overlord  
  15  0:46  Extractor  
  15  0:49  Drone, Extractor  
  15  1:00  Drone x2  
  17  1:07  Drone  
  18  1:14  Evolution Chamber  
  18  1:17  Drone  
  18  1:21  Queen  
  20  1:28  Drone  
  21  1:40  Drone  
  21  1:44  Extractor  
  21  1:48  Zerg Missile Weapons Level 1  
  21  1:50  Overlord  
  21  2:03  Roach Warren  
  21  2:04  Drone  
  21  2:12  Drone  
  22  2:23  Overlord  
  22  2:43  Roach x3  
  28  2:49  Roach  
  30  2:57  Overlord  
  30  3:02  Roach x3  
  36  3:11  Overlord  
  36  3:20  Roach  
  38  3:31  Roach  
  40  3:35  Roach x3  
  46  3:50  Roach  
  48  3:59  Roach  
  50  4:04  Hatchery  
  50  4:07  Roach x2  
  50  4:09  Overlord  
  53  4:17  Drone  
  52  4:46  Roach x5  
  62  5:03  Overlord  
  56  5:38  Roach x3  
  56  5:42  Queen  
  64  5:46  Roach x3  
Show
View Real Time Build Order
Export as new Build Order

Gforce Terran 

Build Orders:  

Get SALT Encoding   

  12  0:01  SCV  
  13  0:14  SCV  
  14  0:23  Supply Depot  
  14  0:26  SCV  
  15  0:44  SCV  
  15  0:46  Barracks  
  16  0:57  SCV  
  17  1:04  Barracks  
  17  1:09  Supply Depot  
  17  1:10  SCV  
  18  1:21  Barracks  
  18  1:23  SCV  
  19  1:31  Supply Depot  
  19  1:35  Marine  
  19  1:39  SCV  
  21  1:49  Refinery  
  21  1:51  SCV  
  21  1:53  Marine  
  23  1:55  Marine  
  24  2:06  Orbital Command  
  24  2:09  Marine  
  24  2:12  Marine  
  26  2:19  Supply Depot  
  26  2:23  Marine  
  26  2:27  Marine  
  26  2:29  Marine  
  29  2:41  Marine  
  30  2:44  Barracks  
  30  2:45  Marine  
  30  2:48  SCV  
  30  2:51  Marine  
  33  2:59  Barracks Tech Lab  
  33  3:03  Marine  
  34  3:06  SCV  
  35  3:15  Marine  
  35  3:18  Marine  
  37  3:21  Marine  
  37  3:22  Stimpack  
  38  3:33  Marine  
  39  3:36  Marine  
  39  3:38  Marine  
  41  3:42  Marine  
  42  3:51  Marine  
  42  3:54  Marine  
  44  3:56  Marine  
  44  4:00  Marine  
  46  4:09  Marine  
  47  4:21  Marine  
  47  4:44  Marine  
  47  4:45  Marine  
  47  4:56  Marine x2  
  47  4:57  Supply Depot  
  49  5:02  Marine  
  49  5:03  Marine  
  51  5:13  Marine x2  
  53  5:19  Marine  
  53  5:21  Marine  
  55  5:31  Marine  
Show
View Real Time Build Order
Export as new Build Order

Manta Zerg 

Build Orders: 3 Hatch before Pool 

Get SALT Encoding   

  12  0:08  Drone  
  13  0:14  Overlord  
  13  0:18  Drone  
  14  0:45  Hatchery  
  14  0:47  Drone  
  14  0:51  Drone  
  14  0:55  Drone  
  16  1:22  Drone  
  16  1:25  Drone, Hatchery  
  17  1:38  Drone  
  17  1:39  Drone  
  19  1:42  Extractor  
  18  1:49  Spawning Pool  
  18  1:51  Drone  
  18  1:56  Extractor  
  18  1:57  Drone  
  18  2:00  Drone  
  19  2:14  Drone  
  20  2:18  Drone  
  20  2:19  Drone x2  
  23  2:28  Drone  
  23  2:29  Drone  
  25  2:36  Lair  
  25  2:38  Drone  
  25  2:41  Drone  
  25  2:43  Drone  
  28  2:49  Drone  
  28  2:50  Drone  
  30  2:51  Drone  
  31  3:00  Drone x2, Extractor  
  31  3:01  Extractor  
  31  3:02  Drone  
  32  3:09  Drone  
  32  3:10  Drone  
  34  3:14  Overlord  
  34  3:32  Queen x2  
  34  3:33  Queen  
  40  3:39  Spire  
  40  3:40  Drone  
  40  3:43  Drone x2  
  42  3:54  Overlord x2  
  42  4:18  Zergling x2  
  42  4:19  Zergling x14  
  40  4:54  Metabolic Boost  
  40  4:55  Mutalisk x2  
  40  4:57  Overlord  
  40  4:58  Overlord x3  
  44  5:04  Hatchery  
  43  5:15  Queen  
  45  5:23  Mutalisk x2  
  45  5:25  Zergling x2  
  45  5:26  Zergling x8  
  54  5:34  Queen  
  56  5:37  Hatchery  
Show
View Real Time Build Order
Export as new Build Order

Dallinger Terran 

Build Orders:  

Get SALT Encoding   

  12  0:02  SCV  
  13  0:19  Supply Depot  
  13  0:21  SCV  
  14  0:33  SCV  
  15  0:43  Barracks  
  15  0:46  Refinery, SCV  
  16  0:58  SCV  
  17  1:11  SCV  
  18  1:23  SCV  
  19  1:35  Orbital Command  
  19  1:40  Command Center  
  19  1:42  Barracks Reactor  
  19  1:50  Supply Depot  
  19  2:02  SCV  
  20  2:08  Refinery  
  20  2:14  SCV  
  21  2:18  Factory  
  21  2:19  Marine x2  
  23  2:26  SCV  
  24  2:34  Supply Depot  
  24  2:37  Marine x2  
  24  2:38  SCV  
  27  2:50  SCV  
  28  2:52  Orbital Command  
  28  2:59  Bunker  
  28  3:03  SCV  
  29  3:10  Starport, Barracks Tech Lab  
  29  3:15  SCV  
  30  3:20  SCV  
  31  3:27  SCV  
  31  3:29  Supply Depot  
  31  3:32  SCV  
  33  3:48  Barracks Tech Lab, Starport Reactor  
  33  3:49  Hellion x2  
  33  3:51  Factory  
  33  3:52  SCV x2  
  33  3:54  Refinery  
  39  3:55  Refinery  
  39  4:04  SCV x2  
  41  4:10  Hellion  
  41  4:11  Hellion  
  41  4:15  Barracks Tech Lab  
  40  4:35  Liberator  
  40  4:36  Liberator  
  34  4:50  Siege Tank  
  34  4:51  Hellion x2  
  34  4:52  Marauder  
Tags
 
Add a new tag
Caveats
  • Supply blocks, unpowered buildings, or Contaminate may cause inaccurate times.
  • Supply counts are checked every 10 seconds.